 Dungeon Crawl Stone Soup version 0.17-a0-2108-g65e8068 (webtiles) character file.

37 Gargoyl the Skirmisher (level 3, -14/31 HPs)
             Began as a Demonspawn Abyssal Knight on Oct 19, 2015.
             Was a Follower of Lugonu.
             Demolished by a two-headed ogre
             ... wielding a +0 giant club
              (18 damage)
             ... on level 3 of the Dungeon.
             The game lasted 00:03:10 (1247 turns).

Gargoyl the Skirmisher (Demonspawn Abyssal Knight)  Turns: 1247, Time: 00:03:10

Health: -14/31     AC: 12    Str: 13    XL:     3   Next: 23%
Magic:  5/5        EV:  3    Int: 13    God:    Lugonu [*.....]
Gold:   72         SH:  0    Dex: 12    Spells: 0 memorised, 2 levels left

rFire  + . .     SeeInvis .     a - +1 hand axe
rCold  . . .     Clarity  .     g - +2 plate armour
rNeg   . . .     SustAt   .     (no shield)
rPois  .         Gourm    .     (no helmet)
rElec  .         Spirit   .     (no cloak)
rCorr  .         Warding  .     (no gloves)
rMut   .         Stasis   .     (no boots)
MR     .....                    (no amulet)
Stlth  ..........               (no ring)
                                (no ring)

@: not resistant to hostile enchantments, extremely unstealthy
A: fire resistance 1, powered by pain 1, robust 1
a: Depart the Abyss, Renounce Religion


You were on level 3 of the Dungeon.
You worshipped Lugonu.
Lugonu was aware of your devotion.
You were not hungry.

You visited 1 branch of the dungeon, and saw 4 of its levels.
You visited the Abyss 1 time.

You collected 72 gold pieces.

Inventory:

Hand Weapons
 a - a +1 hand axe (weapon)
Armour
 g - a +2 plate armour (worn)
Jewellery
 h - a +1 ring of slaying {unknown}
Scrolls
 d - a scroll of immolation
 i - a scroll of random uselessness
 j - a scroll of identify
 n - a scroll of fog
Potions
 k - a potion of lignification {unknown}
 l - a potion of mutation {unknown}
Comestibles
 b - a bread ration
 f - a beef jerky


   Skills:
 + Level 3.4 Fighting
 + Level 2.2 Axes
 + Level 2.0 Armour
 + Level 1.0 Dodging
 + Level 0.2 Stealth
 + Level 3.1 Invocations


You had 2 spell levels left.
You didn't know any spells.

Dungeon Overview and Level Annotations

Branches:
Dungeon (4/15)
 Temple: D:4-7

Altars:


Innate Abilities, Weirdness & Mutations

Your flesh is heat resistant.
You sometimes gain a little power by taking damage.
You are robust (+10% HP).


Message History

Okay, then.
Drink which item? (? for menu, Esc to quit)
It was a potion of curing.
You feel better. The two-headed ogre barely misses you.
The two-headed ogre hits you with a giant club!
There is a stone staircase leading down here.
Found 5 gold pieces.
There is a stone staircase leading up here.
The two-headed ogre hits you with a giant club.
The two-headed ogre hits you with a giant club!
* * * LOW HITPOINT WARNING * * *
You climb upwards.
There is a stone staircase leading down here.
Drink which item? (? for menu, Esc to quit)
It was a potion of beneficial mutation.
You feel robust.
You feel fantastic!
The two-headed ogre hits you with a giant club!!
Ouch! That really hurt!
You die...

#...# ..
#...###.##
#...#....#
###.........
#..........#
#.........#
#.......###
#@O....+
###...## ..#
.# #


You could see a two-headed ogre.

Vanquished Creatures
  2 oozes
  7 goblins
  3 hobgoblins
  5 kobolds
  3 bats
  2 giant cockroaches (D:1)
  5 giant newts
  3 rats (D:1)
30 creatures vanquished.

Notes
Turn   | Place    | Note
--------------------------------------------------------------
     0 | Abyss:1  | Gargoyl the Demonspawn Abyssal Knight began the quest for the Orb.
     0 | Abyss:1  | Reached XP level 1. HP: 18/18 MP: 2/2
    38 | Abyss:1  | Noticed a starcursed mass
    41 | D:1      | Escaped the Abyss
   299 | D:1      | Gained mutation: Your flesh is heat resistant. [demonic ancestry]
   299 | D:1      | Reached XP level 2. HP: 22/24 MP: 4/4
   358 | D:1      | Reached * piety under Lugonu
   910 | D:2      | Reached skill level 1 in Dodging
   923 | D:2      | Gained mutation: You sometimes gain a little power by taking damage. [demonic ancestry]
   923 | D:2      | Reached XP level 3. HP: 22/29 MP: 5/5
  1233 | D:2      | You fall through a shaft for 2 floors!
  1233 | D:4      | Noticed a two-headed ogre
  1247 | D:3      | Gained mutation: You are robust (+10% HP). [potion of beneficial mutation]
  1247 | D:3      | Demolished by a two-headed ogre

Vault maps used:
D:1:      dpeg_arrival_tiny_i, minivault_25
D:3:      vehumet_crystals, first_bread, kennysheep_cross_room, uniq_sigmund
D:4:      lemuel_doored_altar, amethyst_overflow_temple_binary

Action                   || total
-------------------------++-------
Melee: Hand axe          ||   105
Invok: Depart the Abyss  ||     1
  Use: Scroll            ||     9
       Potion            ||     2
  Eat: Bread ration      ||     1
